Map: 环轨星港

Players

rainy - Winner!

  • Race: Zerg Zerg
  • League: Diamond

Quail

  • Race: Protoss Protoss
  • League: Diamond

VOD

Have the link to the VOD?

Description

Time

  • Played on: Dec. 5, 2015, 7:48 a.m.
  • Length: 13:48
Show
View Real Time Build Order
Export as new Build Order

rainy Zerg - Winner!

Build Orders: 3 Hatch before Pool 

Get SALT Encoding   

  12  0:01  Drone  
  13  0:10  Drone  
  14  0:18  Overlord  
  14  0:27  Extractor  
  14  0:28  Drone  
  15  0:37  Drone x2  
  17  0:44  Drone  
  18  0:59  Hatchery  
  18  1:04  Drone  
  18  1:16  Drone  
  19  1:28  Hatchery  
  19  1:29  Drone  
  19  1:33  Extractor  
  19  1:34  Drone  
  19  1:45  Drone  
  20  1:51  Spawning Pool  
  19  1:57  Overlord  
  19  2:01  Drone  
  20  2:12  Drone  
  21  2:16  Drone  
  21  2:22  Drone x2  
  24  2:32  Drone  
  25  2:38  Metabolic Boost  
  25  2:39  Queen  
  25  2:41  Queen  
  29  2:49  Queen  
  31  2:54  Zergling x2  
  31  2:55  Drone  
  31  2:57  Drone  
  34  3:00  Drone  
  34  3:04  Drone  
  36  3:12  Zergling x2  
  37  3:16  Zergling x2  
  37  3:17  Overlord, Drone x2  
  40  3:20  Drone  
  40  3:21  Drone  
  40  3:37  Drone  
  40  3:38  Drone x3, Overlord  
  40  3:39  Drone  
  45  3:42  Zergling x2  
  45  3:45  Lair  
  46  3:48  Extractor  
  46  3:49  Drone, Extractor  
  46  3:52  Drone x2  
  47  3:57  Drone  
  47  3:58  Drone x2  
  50  4:04  Drone x4  
  54  4:12  Drone x2  
  54  4:13  Drone  
  54  4:14  Drone  
  58  4:18  Overlord  
  58  4:31  Overlord x2  
  56  4:36  Spore Crawler  
  56  4:37  Zergling x2  
  56  4:38  Zergling x12  
  59  4:39  Zergling x2  
  59  4:43  Roach Warren  
  61  4:49  Queen  
  63  4:58  Extractor  
  62  5:11  Drone x4  
  62  5:12  Drone x6  
  62  5:14  Overlord x2, Extractor  
  72  5:20  Spire  
  70  5:24  Roach x2  
  70  5:25  Roach x2  
  77  5:37  Drone x3  
  77  5:40  Extractor  
  75  5:46  Roach x2  
  75  5:47  Roach  
  77  5:50  Roach  
  77  5:51  Roach  
  77  5:54  Roach x4  
  77  5:57  Roach x2  
  88  6:01  Queen  
  88  6:03  Drone x2  
  91  6:09  Glial Reconstitution  
  91  6:10  Overlord  
  91  6:13  Drone x3  
  94  6:21  Drone x2  
  94  6:22  Drone  
  97  6:34  Drone x3  
  97  6:35  Drone  
  101  6:44  Overlord x2  
  101  6:47  Drone  
  101  6:48  Drone x3, Overlord  
  101  6:53  Overlord  
  105  7:05  Mutalisk  
  105  7:06  Mutalisk x5  
  105  7:07  Evolution Chamber  
  105  7:08  Evolution Chamber  
  115  7:10  Mutalisk  
  115  7:12  Mutalisk  
  116  7:26  Mutalisk  
  116  7:27  Mutalisk x3  
  116  7:29  Mutalisk  
  124  7:36  Mutalisk x2  
  128  7:43  Mutalisk  
  126  7:54  Overseer  
  126  7:56  Pneumatized Carapace  
  126  7:57  Drone x3  
  129  8:09  Zerg Flyer Weapons Level 1  
  129  8:22  Hatchery  
  129  8:23  Overlord x2, Roach  
  130  8:28  Infestation Pit  
  130  8:29  Zerg Ground Armor Level 1, Zerg Melee Weapons Level 1  
  130  8:34  Roach x4  
  131  8:36  Overlord x2  
  131  8:58  Zergling x2  
  131  8:59  Roach x3  
  136  9:12  Roach x2  
  136  9:13  Roach  
  141  9:20  Roach  
  141  9:21  Roach  
  143  9:33  Drone x4  
  143  9:34  Drone x3  
  143  9:36  Queen  
  143  9:37  Overlord x3  
  152  9:44  Ravager x5  
  157  9:48  Hive  
  157  9:52  Drone x2  
  159  9:53  Drone x2  
  161  10:04  Drone x2  
  161  10:05  Drone x3  
  166  10:12  Extractor  
  166  10:13  Drone x3, Extractor  
  167  10:20  Drone x3  
  170  10:28  Zergling x2  
  171  10:29  Zerg Missile Weapons Level 1, Zerg Ground Armor Level 2  
  171  10:38  Roach  
  171  10:39  Roach x9  
  191  10:47  Zergling x2  
  185  10:59  Roach x9  
  185  11:00  Roach x2  
  178  11:07  Roach  
  178  11:08  Roach  
  160  11:12  Roach  
  160  11:13  Roach x3  
  160  11:17  Zergling x6  
  158  11:23  Spore Crawler  
  157  11:26  Zergling x6  
  160  11:37  Zergling x2  
  157  11:42  Zergling x8  
  148  11:47  Roach  
  148  11:48  Roach x4  
  150  11:56  Roach x2  
  146  12:06  Roach x4  
  150  12:08  Zergling x2  
  150  12:09  Zergling x4  
  150  12:13  Greater Spire  
  151  12:17  Ultralisk Cavern  
  151  12:20  Corruptor  
  151  12:21  Drone x2, Roach  
  142  12:27  Roach  
  142  12:28  Roach x4  
  152  12:43  Roach x3  
  152  12:44  Roach x8  
  171  13:02  Roach  
  171  13:03  Roach x9  
  182  13:11  Queen  
  171  13:17  Drone  
  171  13:18  Drone x5  
  187  13:33  Drone x3  
  183  13:34  Drone x3  
Show
View Real Time Build Order
Export as new Build Order

Quail Protoss 

Build Orders: 1 Gate Expand 

Get SALT Encoding   

  12  0:01  Probe (Chrono Boost)  
  13  0:11  Probe (Chrono Boost)  
  14  0:17  Pylon  
  14  0:23  Probe (Chrono Boost)  
  15  0:36  Probe (Chrono Boost)  
  15  0:38  Gateway  
  16  0:46  Probe (Chrono Boost)  
  18  0:57  Probe (Chrono Boost)  
  18  1:07  Probe (Chrono Boost)  
  19  1:26  Nexus  
  19  1:29  Assimilator  
  19  1:33  Assimilator  
  19  1:37  Cybernetics Core  
  19  1:39  Probe (Chrono Boost)  
  20  1:51  Probe (Chrono Boost)  
  21  2:01  Probe (Chrono Boost)  
  21  2:03  Pylon  
  22  2:12  Probe (Chrono Boost)  
  23  2:21  Adept  
  23  2:22  Probe (Chrono Boost)  
  26  2:24  Robotics Facility  
  26  2:33  Probe (Chrono Boost)  
  27  2:43  Gateway, Probe (Chrono Boost)  
  28  2:45  Warp Gate  
  28  2:48  Adept  
  28  2:51  Probe (Chrono Boost)  
  31  2:54  Probe (Chrono Boost)  
  32  3:01  Probe (Chrono Boost)  
  32  3:05  Probe (Chrono Boost)  
  34  3:12  Probe (Chrono Boost)  
  36  3:13  Observer  
  36  3:20  Probe (Chrono Boost)  
  36  3:22  Probe (Chrono Boost)  
  38  3:33  Probe x2 (Chrono Boost), Warp Prism  
  42  3:44  Probe x2 (Chrono Boost)  
  42  3:45  Gateway  
  42  3:47  Robotics Bay  
  44  3:53  Pylon  
  44  3:54  Probe x2 (Chrono Boost)  
  46  4:11  Adept  
  46  4:12  Sentry, Probe x2 (Chrono Boost)  
  46  4:14  Pylon  
  52  4:17  Assimilator  
  52  4:22  Probe (Chrono Boost)  
  53  4:28  Mothership Core (Chrono Boost)  
  52  4:33  Probe (Chrono Boost)  
  52  4:43  Probe (Chrono Boost)  
  53  4:47  Probe (Chrono Boost)  
  53  4:48  Pylon  
  53  4:49  Disruptor  
  57  4:53  Adept  
  57  4:54  Probe (Chrono Boost)  
  57  4:57  Probe (Chrono Boost)  
  57  4:59  Assimilator  
  61  5:04  Probe (Chrono Boost)  
  61  5:05  Pylon  
  62  5:08  Probe (Chrono Boost)  
  62  5:09  Pylon  
  63  5:15  Probe (Chrono Boost)  
  63  5:18  Probe (Chrono Boost)  
  65  5:22  Gravitic Drive  
  65  5:25  Probe (Chrono Boost)  
  65  5:27  Nexus  
  66  5:29  Probe (Chrono Boost), Pylon  
  66  5:31  Pylon  
  67  5:38  Adept x3  
  65  6:06  Stalker x3  
  71  6:17  Pylon  
  71  6:21  Forge  
  71  6:35  Stalker x3  
  71  6:37  Disruptor  
  80  6:40  Pylon  
  80  6:41  Twilight Council  
  80  6:44  Gateway  
  80  6:45  Gateway  
  80  6:47  Gateway  
  80  6:52  Probe x3 (Chrono Boost)  
  83  7:00  Photon Cannon  
  83  7:03  Photon Cannon  
  83  7:12  Adept x3  
  89  7:29  Protoss Ground Weapons Level 1 (Chrono Boost)  
  89  7:31  Photon Cannon  
  89  7:32  Adept  
  89  7:33  Adept x2  
  85  7:49  Probe x2 (Chrono Boost)  
  85  7:50  Probe (Chrono Boost)  
  84  8:01  Stargate  
  84  8:02  Stargate  
  84  8:05  Probe x2 (Chrono Boost), Pylon  
  84  8:07  Pylon, Photon Cannon  
  84  8:09  Pylon, Photon Cannon x2  
  86  8:13  Assimilator  
  86  8:18  Templar Archives, Assimilator  
  86  8:22  Stalker x4  
  86  8:25  Blink  
  94  8:28  Warp Prism  
  96  8:35  Photon Cannon  
  96  8:38  Probe  
  96  8:39  Probe  
  96  8:40  Probe  
  97  8:54  Stalker  
  97  8:55  Stalker  
  93  9:09  Phoenix x2  
  96  9:11  Stargate  
  96  9:13  Mothership Core  
  96  9:24  Stalker x4  
  96  9:25  Stalker  
  96  9:28  Protoss Ground Weapons Level 2 (Chrono Boost)  
  106  9:35  Photon Cannon  
  106  9:43  Phoenix (Chrono Boost)  
  106  9:44  Phoenix (Chrono Boost)  
  110  9:56  Phoenix (Chrono Boost)  
  110  9:59  Adept x3  
  118  10:03  Phoenix  
  118  10:06  Photon Cannon  
  120  10:09  Warp Prism  
  122  10:14  Phoenix  
  124  10:30  Phoenix  
  124  10:33  Phoenix  
  122  10:47  Phoenix  
  105  11:08  Stalker x6  
  84  11:22  Disruptor  
  84  11:23  Psionic Storm  
  87  11:34  Adept x5  
  83  11:47  Adept  
  75  11:57  Disruptor  
  74  12:14  Void Ray  
  73  12:20  Void Ray  
  78  12:27  Adept x2  
  78  12:28  Adept  
  77  12:35  Adept  
  73  12:56  Adept x2  
Tags
 
Add a new tag
Caveats
  • Supply blocks, unpowered buildings, or Contaminate may cause inaccurate times.
  • Supply counts are checked every 10 seconds.